 Dungeon Crawl Stone Soup version 0.30-a0-782-ge64f9170bb (webtiles) character file.

Game seed: 16991612017330756095

157 Angani the Grave Robber (level 5, -7/38 HPs)
             Began as a Draconian Necromancer on Feb 22, 2023.
             Was a Follower of Fedhas.
             Killed from afar by Dowan (18 damage)
             ... with a stone arrow
             ... on level 4 of the Dungeon.
             The game lasted 00:11:03 (3005 turns).

Angani the Grave Robber (Draconian Necromancer)     Turns: 3005, Time: 00:11:03

Health: -7/38      AC:  6    Str: 10    XL:     5   Next: 15%
Magic:  2/10       EV: 12    Int: 18    God:    Fedhas [*.....]
Gold:   63         SH:  0    Dex: 11    Spells: 10/11 levels left

rFire   . . .      SeeInvis .    r - +1 dagger (venom)
rCold   x . .      Faith    .    (no shield)
rNeg    + + +      Spirit   .    (body armour unavailable)
rPois   .          Reflect  .    (helmet restricted)
rElec   .          Harm     .    (no cloak)
rCorr   +          Rampage  .    e - +0 pair of gloves
Will    .....                    (no boots)
Stlth   ++                       (no amulet)
HPRegen 0.26/turn                c - ring of positive energy
MPRegen 0.12/turn                s - ring of Ocsiarij {rC- rN++ rCorr Slay+4}

@: no status effects
A: AC +5, unfitting armour, cold-blooded
a: Renounce Religion


You were on level 4 of the Dungeon.
You worshipped Fedhas.
Fedhas was aware of your devotion.
You visited 1 branch of the dungeon, and saw 4 of its levels.

You collected 206 gold pieces.
You spent 143 gold pieces at shops.

Inventory:

Hand Weapons
 r - a +1 dagger of venom (weapon)
Armour
 e - a +0 pair of gloves (worn)
Jewellery
 c - a ring of positive energy (left hand)
 s - the ring of Ocsiarij (right hand) {rC- rN++ rCorr Slay+4}
   (You found it on level 3 of the Dungeon)

   [ring of slaying]

   Slay:      It affects your accuracy & damage with ranged weapons and melee
   (+4).
   rC:        It makes you vulnerable to cold.
   rN:        It greatly protects you from negative energy.
   rCorr:     It protects you from acid and corrosion.
Wands
 t - a wand of digging (2)
Scrolls
 b - 2 scrolls of vulnerability
 d - a scroll of fog
 g - a scroll of teleportation
 i - a scroll of fear {unknown}
 m - a scroll of torment {unknown}
 p - a scroll of blinking {unknown}
 u - a scroll of immolation {unknown}
Potions
 a - a potion of magic
 f - a potion of might
 h - a potion of mutation
 j - 2 potions of invisibility
 k - a potion of brilliance
 l - a potion of flight {unknown}
 n - a potion of curing
 o - a potion of berserk rage


   Skills:
 - Level 1.7 Dodging
 - Level 1.7 Stealth
 + Level 3.5 Spellcasting
 + Level 5.1 Necromancy
 + Level 2.1 Invocations


You had 10 spell levels left.
You knew the following spells:

 Your Spells              Type           Power      Damage    Failure   Level
a - Necrotise             Necr           84%        1d8       1%          1

Your spell library contained the following spells:

 Spells                   Type           Power      Damage    Failure   Level
 Vampiric Draining        Necr           21%        2d7       6%          3
 Animate Dead             Necr           21%        N/A       19%         4
 Agony                    Necr           21%        N/A       47%         5


Dungeon Overview and Level Annotations

Branches:
Dungeon (4/15)
 Temple: D:4-7

Altars:
Fedhas
Gozag

Shops:
D:4 *

Annotations:
D:4 Dowan


Innate Abilities, Weirdness & Mutations

Your plain brown scales are hard. (AC +5)
You cannot fit into any form of body armour.
You are cold-blooded and may be slowed by cold attacks.


Message History

Duvessa misses you.
You hit Duvessa.
Duvessa looks as sick as possible!
Duvessa is moderately wounded.
Duvessa hits you with a +2 rapier of speed.
* * * LOW HITPOINT WARNING * * *
You feel much better.
Duvessa hits you with a +2 rapier of speed.
Dowan mumbles some strange words.
Dowan blinks!
Duvessa misses you.
You barely miss Duvessa.
Duvessa is heavily wounded.
Duvessa says, "My weaknesses are his strengths!"
Duvessa misses you.
You closely miss Duvessa. You tail-slap Duvessa.
Duvessa is severely wounded.
Duvessa hits you with a +2 rapier of speed.
Duvessa hits you with a +2 rapier of speed!
You hit Duvessa but do no damage.
Duvessa looks as sick as possible!
Duvessa is severely wounded.
Duvessa completely misses you.
Dowan says, "Stay away from my face!"
Aiming: Necrotise (safe; 1% risk of failure)
Press: ? - help, Q - select action Shift-Dir - straight line, f/p - Duvessa
Aim: Duvessa, wielding a +2 rapier of speed and wearing a +0 leather armour (severely wounded, extremely poisoned, chance to affect: 65%) Duvessa writhes in agony.
Duvessa hits you with a +2 rapier of speed!
* * * LOW HITPOINT WARNING * * *
Duvessa misses you.
Aiming: Necrotise (safe; 1% risk of failure)
Press: ? - help, Q - select action Shift-Dir - straight line, f/p - Duvessa
Aim: Duvessa, wielding a +2 rapier of speed and wearing a +0 leather armour (almost dead, extremely poisoned, chance to affect: 65%) Duvessa writhes in agony.
You kill Duvessa!
Fedhas appreciates your contribution to the ecosystem.
Dowan's eyes darken. "You have made a black mistake."
Dowan seems to find hidden reserves of power!
Dowan points at you and mumbles some strange words.
The stone arrow hits you!!
You die...
Fedhas appreciates your contribution to the ecosystem.

....'.........+.......#
..###.........####....#
.............## ##.#.#
#######.....## ###.##
##...## #...#
....###### #...#
#......# #...#
##.#.####.# ###.#
.....e..#@# #.#
.....##.#)#####.# .e.
#..e......# .
###.####### #.# >.#
####


You could see Dowan (fast).

Vanquished Creatures
  Duvessa (D:4)
  Natasha (twice) (D:4)
  3 adders (D:3)
  3 worms
  A dart slug (D:2)
  3 orcs (D:3)
  5 endoplasms
  2 giant cockroaches (D:1)
  5 goblins
  7 hobgoblins
  3 jackals (D:1)
  A quokka (D:4)
  8 ball pythons
  10 bats
  A frilled lizard (D:3)
  2 kobolds
  A rat (D:2)
58 creatures vanquished.

Vanquished Creatures (collateral kills)
  2 orcs (D:3)
  A jackal (D:1)
3 creatures vanquished.

Grand Total: 61 creatures vanquished

Notes
Turn   | Place    | Note
-------+----------+-------------------------------------------
     0 | D:1      | Angani the Draconian Necromancer began the quest for the
                  | Orb.
     0 | D:1      | Reached XP level 1. HP: 14/14 MP: 3/3
   141 | D:1      | Reached XP level 2. HP: 20/20 MP: 5/5
   966 | D:2      | Reached XP level 3. HP: 26/26 MP: 1/7
  1134 | D:2      | Found a blossoming altar of Fedhas.
  1145 | D:2      | Became a worshipper of Fedhas Madash
  1951 | D:3      | Reached skill level 1 in Invocations
  2024 | D:3      | Reached XP level 4. HP: 33/33 MP: 5/8
  2086 | D:3      | Reached * piety under Fedhas
  2188 | D:3      | Found a faded altar of an unknown god.
  2192 | D:3      | Found an opulent altar of Gozag.
  2404 | D:3      | Identified the ring of Ocsiarij {rC- rN++ rCorr Slay+4}
  2611 | D:4      | Found Eluin's General Store.
  2617 | D:4      | Bought a scroll of identify for 26 gold pieces
  2617 | D:4      | Bought a potion of degeneration for 13 gold pieces
  2617 | D:4      | Bought a potion of invisibility for 104 gold pieces
  2825 | D:4      | Noticed Natasha
  2833 | D:4      | Killed Natasha
  2834 | D:4      | Reached skill level 5 in Necromancy
  2842 | D:4      | Noticed Natasha
  2847 | D:4      | Killed Natasha
  2848 | D:4      | Reached XP level 5. HP: 26/38 MP: 10/10
  2984 | D:4      | Noticed Duvessa
  2984 | D:4      | Noticed Dowan
  3005 | D:4      | Killed Duvessa
  3005 | D:4      | Killed from afar by Dowan

Illustrated notes

Levels and vault maps discovered:
D:1:      dpeg_arrival_oval, layout_rooms
D:2:      layout_basic, basic_altar
D:3:      layout_loops_ring, nicolae_overflow_ecumenical_swirl, minmay_unequal
D:4:      layout_loops_corners, serial_shops, shop, uniq_pikel, uniq_natasha,
          uniq_duvessa

Skill      XL: |  1  2  3  4 |
---------------+-------------+-----
Spellcasting   | 3 |  3.5
Invocations    | 1 2 |  2.1
Necromancy     | 5 |  5.1
Dodging        | |  1.7
Stealth        | |  1.7

Action                     |  1- 3 |  4- 6 || total
---------------------------+-------+-------++-------
  Melee: Unarmed           |    45 |    12 ||    57
         Tailslap          |     7 |     7 ||    14
         Dagger            |       |    43 ||    43
   Cast: Necrotise         |    73 |    20 ||    93
    Use: Scroll            |     2 |     5 ||     7
         Potion            |     1 |     4 ||     5
   Stab: Distracted        |     1 |       ||     1
         Sleeping          |       |     2 ||     2
 Armour: Skin              |    23 |    14 ||    37
  Dodge: Dodged            |    43 |    41 ||    84

Table legend: (Time is in decaauts)
 A = Elapsed time spent in this place.
 B = Non-inter-level travel time spent in this place.
 C = Inter-level travel time spent in this place.
 D = Time resting spent in this place.
 E = Time spent auto-exploring this place.
 F = Levels seen in this place.
 G = Mean time per level.
                   A        B        C        D        E       F      G
               +--------+--------+--------+--------+--------+-----+--------+
         Total |   3004 |   2931 |     73 |    266 |   2195 |   4 |  751.0 |
       Dungeon |   3004 |   2931 |     73 |    266 |   2195 |   4 |  751.0 |
               +--------+--------+--------+--------+--------+-----+--------+

Top non-repeatable levels by time:
     D:3: 1146 daAuts
     D:1: 742 daAuts
     D:2: 708 daAuts
     D:4: 406 daAuts
